 Dungeon Crawl Stone Soup version 0.18-a0-1514-g6ed9364 (webtiles) character file.

63 dvd the Scratcher (level 3, -2/15 HPs)
             Began as a Felid Transmuter on Mar 6, 2016.
             Slain by a gnoll
             ... wielding a +0 whip
              (7 damage)
             ... on level 2 of the Dungeon.
             The game lasted 00:05:32 (1923 turns).

dvd the Scratcher (Felid Transmuter)                Turns: 1923, Time: 00:05:33

Health: -2/15      AC:  2    Str:  6    XL:     3   Next: 87%
Magic:  5/7        EV: 17    Int: 15    God:
Gold:   36         SH:  0    Dex: 21    Spells: 2 memorised, 3 levels left
                                        Lives:  0   Deaths: 0

rFire  . . .     SeeInvis +       - Unarmed
rCold  . . .     Gourm    .     (armour unavailable)
rNeg   . . .     Faith    .     (shield unavailable)
rPois  x         Spirit   .     (helmet unavailable)
rElec  .         Dismiss  .     (cloak unavailable)
rCorr  .         Reflect  .     (gloves unavailable)
SustAt .         Harm     .     (boots unavailable)
MR     .....                    (no amulet)
Stlth  ++........               (no ring)
                                (no ring)

@: spider-form, not resistant to hostile enchantments, unstealthy
A: no armour, no weapons or thrown items, (claws 0), (fangs 0), see invisible,
carnivore 3, (speed 0), (shaggy fur 0), slow metabolism 1, (sharp paws)
a: End Transformation


You were on level 2 of the Dungeon.
You were completely stuffed.
You were a venomous arachnid creature.
You visited 1 branch of the dungeon, and saw 2 of its levels.

You collected 36 gold pieces.

Inventory:

Missiles
 a - 12 arrows
Jewellery
 f - an uncursed ring of teleportation
Scrolls
 e - a scroll of identify {unknown}
 g - 2 scrolls of remove curse
 i - a scroll of magic mapping {unknown}
 k - a scroll of fear {unknown}
Potions
 d - a potion of curing {unknown}
 j - 2 potions of flight {unknown}
 l - a potion of degeneration {unknown}
Books
 b - a book of Changes

   Spells                             Type                      Level
   a - Beastly Appendage              Transmutation                1
   b - Sticks to Snakes               Transmutation                2
   c - Spider Form                    Transmutation/Poison         3
   d - Ice Form                       Ice/Transmutation            4
   e - Blade Hands                    Transmutation                5
Comestibles
 c - a meat ration
 h - 2 beef jerkies


   Skills:
 + Level 1.1 Fighting
 + Level 3.3 Dodging
 + Level 1.5 Stealth
 + Level 3.5 Unarmed Combat
 * Level 2.5 Spellcasting
 * Level 2.9 Transmutations


You had 3 spell levels left.
You knew the following spells:

 Your Spells              Type           Power        Failure   Level  Hunger
a - Beastly Appendage     Trmt           ##....       21%         1    #......
b - Spider Form           Trmt/Pois      #.........   56%         3    ###....


Dungeon Overview and Level Annotations

Branches:
Dungeon (2/15)

Altars:


Innate Abilities, Weirdness & Mutations

You cannot wear armour.
You are incapable of wielding weapons or throwing items.
((You have sharp claws.))
((You have razor-sharp teeth.))
You have supernaturally acute eyesight.
You are carnivorous and can eat meat at any time.
((You cover ground quickly.))
((You are covered in fur (AC +1).))
You have a slow metabolism.
((Your sharp claws are effective at attacking unaware monsters.))


Message History

All of the chunks of flesh in your inventory have rotted away.
HP restored.
There is a stone staircase leading down here.
You climb downwards.
There is a stone staircase leading up here.
Casting: Spider Form
Confirm with . or Enter, or press ? or * to list all spells.
You turn into a venomous arachnid creature.
You see here a scale mail.
You hit the gnoll.
The gnoll is poisoned.
The gnoll is moderately wounded.
The gnoll hits you with a long sword!
Ouch! That really hurt!
You hit the gnoll.
The gnoll is heavily wounded.
The gnoll closely misses you.
The gnoll falls through a shaft!
The shaft crumbles and collapses.
There is a stone staircase leading up here.
The gnoll hits you with a whip!
You die...

.. .# ######## #.# #
#......# ##.## #.#.####.#
#...# ###.#.####.# #...# #
#.......##.# #...# ..
#.###..s##.####รท..#####
..##.###.g.##............##
......#...[.........g.....
#.......#.##...........##
#..#.#.)#.####.#...#.###
#....)....# #.#...#.#
####.####..### #.#...#.#
#......<#..# #.#...#.#
#.#.#......# #....##.#


You could see a gnoll.

Vanquished Creatures
  2 gnolls (D:2)
  An adder (D:2)
  3 giant geckos
  3 giant cockroaches (D:1)
  3 goblins
  6 hobgoblins
  3 jackals (D:1)
  A bat (D:2)
  A giant newt (D:1)
  8 rats
31 creatures vanquished.

Vanquished Creatures (others)
  A worm (D:2)
  A kobold (D:2)
2 creatures vanquished.

Grand Total: 33 creatures vanquished

Notes
Turn   | Place    | Note
--------------------------------------------------------------
     0 | D:1      | dvd the Felid Transmuter began the quest for the Orb.
     0 | D:1      | Reached XP level 1. HP: 9/9 MP: 4/4
   297 | D:1      | Reached XP level 2. HP: 12/12 MP: 4/6
   863 | D:2      | Reached skill level 1 in Stealth
  1127 | D:2      | Reached XP level 3. HP: 15/15 MP: 5/7
  1132 | D:2      | Learned a level 3 spell: Spider Form
  1923 | D:2      | Slain by a gnoll

Vault maps used:
D:1:      dpeg_arrival_pond
D:2:      fiery_altar_vehumet, uniq_jessica

Skill      XL: |  1  2 |
---------------+-------+-----
Dodging        | 3 |  3.3
Stealth        | 1 |  1.5
Fighting       | |  1.1
Unarmed Combat | |  3.5
Spellcasting   | |  2.5
Transmutations | |  2.9

Action                   || total
-------------------------++-------
Melee: Unarmed           ||    81
 Cast: Beastly Appendage ||    16
       Spider Form       ||     6
  Use: Scroll            ||     1
 Stab: Sleeping          ||     2
  Eat: Chunk             ||    10
